 Seeded DCSS version 0.31-a0-1-g4198be8af4 (webtiles) character file.

Game seed: 548224908236487523 (custom seed)

78 Pimp the Covered (level 4, -3/28 HPs)
             Began as a Tengu Fighter on May 2, 2023.
             Slain by a gnoll
             ... wielding a +0 halberd
              (12 damage)
             ... on level 2 of the Dungeon.
             The game lasted 00:01:35 (1399 turns).

Pimp the Covered (Tengu Fighter)                    Turns: 1399, Time: 00:01:35

Health: -3/28      AC:  8    Str: 18    XL:     4   Next: 36%
Magic:  5/5        EV:  9    Int:  8    God:
Gold:   122        SH:  5    Dex: 14    Spells: 3/3 levels left

rFire   . . .        a - +0 trident
rCold   . . .        c - +0 buckler
rNeg    . . .        b - +0 scale mail
rPois   .            (helmet restricted)
rElec   .            g - +0 cloak
rCorr   .            (no gloves)
SInv    .            (boots unavailable)
Will    .....        (no amulet) Stlth
                     (no ring)
HPRegen 0.24/turn    (no ring)
MPRegen 0.09/turn

%: no passive effects
@: no status effects
A: beak, talons 3
a: no special abilities


You were on level 2 of the Dungeon.
You visited 1 branch of the dungeon, and saw 2 of its levels.

You collected 122 gold pieces.

Inventory:

Hand Weapons
 a - a +0 trident (weapon)
Armour
 b - a +0 scale mail (worn)
 c - a +0 buckler (worn)
 g - a +0 cloak (worn)
Scrolls
 e - a scroll of identify {unknown}
 f - a scroll of blinking {unknown}
 m - a scroll of magic mapping {unknown}
Potions
 d - a potion of might
 h - 2 potions of haste {unknown}
 i - a potion of magic {unknown}
 j - a potion of ambrosia {unknown}
 k - a potion of heal wounds {unknown}
 l - a potion of curing {unknown}
 n - 2 potions of flight {unknown}
 o - a potion of mutation {unknown}


   Skills:
 + Level 3.5 Fighting
 + Level 3.0 Polearms
 + Level 3.9 Armour
 + Level 3.6 Shields


You had 3 spell levels left.
You didn't know any spells.
Your spell library contained the following spells:

 Spells                   Type           Power      Damage    Failure   Level
 Blink                    Tloc           0%         N/A       94%         2
 Lesser Beckoning         Tloc           0%         N/A       94%         2
 Momentum Strike          Conj/Tloc      0%         3d8       94%         2


Dungeon Overview and Level Annotations

Branches:
Dungeon (2/15)

Altars:


Innate Abilities, Weirdness & Mutations

You have a beak for a mouth.
You have claws for feet.


Message History

A rat comes into view.
A rat is nearby!
You block the rat's attack.
You closely miss the rat. You peck the rat.
You kill the rat! 3 gnolls come into view.
The gnoll shouts! x2
The gnoll moves out of view.
A gnoll comes into view. It is wielding a +0 spear.
There are monsters nearby!
The gnoll moves out of view.
You closely miss the gnoll. Your peck misses the gnoll.
The gnoll hits you with a +0 whip. You block the gnoll's attack.
The gnoll hits you from afar with a +0 spear.
The gnoll completely misses you.
You closely miss the gnoll. The gnoll hits you with a +0 whip.
The gnoll hits you from afar with a +0 spear.
You hit the gnoll but do no damage. You claw the gnoll!
Your peck misses the gnoll.
The gnoll is heavily wounded.
You block the gnoll's attack. The gnoll hits you but does no damage.
You hit the gnoll but do no damage. You claw the gnoll, but do no damage.
The gnoll is heavily wounded.
The gnoll completely misses you. The gnoll closely misses you.
You puncture the gnoll!
You kill the gnoll!
Your Polearms skill increases to level 3!
The gnoll closely misses you.
You see here a +0 whip.
You closely miss the gnoll. You claw the gnoll.
The gnoll is moderately wounded.
The gnoll hits you with a +0 spear.
The gnoll hits you from afar with a +0 spear.
You puncture the gnoll!
You kill the gnoll!
The gnoll hits you but does no damage.
The gnoll hits you from afar with a +0 spear.
The gnoll hits you with a +0 spear.
The gnoll hits you from afar with a +0 halberd!
You die...

..# #.#####.##.# #.#..#
### #..........#
##....##### ####.......#
#.........# ..#.###.#
#.##..###.# ###
..#.###.###.#...###..
g.................#.....
#...#####.###.#...###..
#...#####.# #.##..# #.#
#.gg@)..# #.###.###.#
######### #.........#
#####.##### #.# #.# #.#
### #.# #.. #.###.#
#......


You could see 2 gnolls.

Vanquished Creatures
  2 gnolls (D:2)
  2 adders (D:2)
  2 worms (D:2)
  A dart slug (D:1)
  2 bats
  3 endoplasms
  2 giant cockroaches (D:2)
  2 goblins
  3 hobgoblins
  3 jackals (D:1)
  3 kobolds
  3 ball pythons
  2 frilled lizards (D:1)
  3 rats (D:2)
33 creatures vanquished.

Notes
Turn   | Place    | Note
-------+----------+-------------------------------------------
     0 | D:1      | Pimp the Tengu Fighter began the quest for the Orb.
     0 | D:1      | Reached XP level 1. HP: 14/14 MP: 2/2
   120 | D:1      | Reached XP level 2. HP: 5/19 MP: 3/3
   806 | D:2      | Reached XP level 3. HP: 21/23 MP: 4/4
   948 | D:2      | Found a faded altar of an unknown god.
  1340 | D:2      | Reached XP level 4. HP: 28/28 MP: 5/5
  1399 | D:2      | Slain by a gnoll

Illustrated notes

Levels and vault maps discovered:
D:1:      evilmike_arrival_rings, layout_rooms, serial_glass, glass_columns_c,
          glass_columns_a, glass_columns_a, glass_columns_a
D:2:      layout_loops_corners, shapermc_ecumenical_altar_totnotflames

Skill      XL: |  1  2  3  4 |
---------------+-------------+-----
Polearms       | 3 |  3.0
Fighting       | |  3.5
Armour         | |  3.9
Shields        | |  3.6

Action                     |  1- 3 |  4- 6 || total
---------------------------+-------+-------++-------
  Melee: Trident           |    66 |     8 ||    74
         Kick              |    14 |     3 ||    17
         Peck              |     4 |     1 ||     5
 Armour: Scale mail        |    35 |     2 ||    37
  Dodge: Dodged            |    27 |     4 ||    31
  Block: Buckler           |    19 |     3 ||    22

Table legend: (Time is in decaauts)
 A = Elapsed time spent in this place.
 B = Non-inter-level travel time spent in this place.
 C = Inter-level travel time spent in this place.
 D = Time resting spent in this place.
 E = Time spent auto-exploring this place.
 F = Levels seen in this place.
 G = Mean time per level.
                   A        B        C        D        E       F      G
               +--------+--------+--------+--------+--------+-----+--------+
         Total |   1414 |   1372 |     42 |      0 |   1111 |   2 |  707.0 |
       Dungeon |   1414 |   1372 |     42 |      0 |   1111 |   2 |  707.0 |
               +--------+--------+--------+--------+--------+-----+--------+

Top non-repeatable levels by time:
     D:2: 781 daAuts
     D:1: 632 daAuts
